Map: Heavy Artillery LE

Players

Sněhulka

  • Race: Zerg Zerg
  • Spawn Location: 3:00

Nitron

  • Race: Protoss Protoss
  • League: Diamond
  • Spawn Location: 1:00

qqq

  • Race: Protoss Protoss
  • League: Platinum
  • Spawn Location: 7:00

Massa

  • Race: Terran Terran
  • League: Platinum
  • Spawn Location: 7:00

VOD

Have the link to the VOD?

Description

Time

  • Played on: Dec. 23, 2020, 12:02 p.m.
  • Length: 11:48
Show
View Real Time Build Order
Export as new Build Order

Sněhulka Zerg 

Build Orders: Hatch First 

Get SALT Encoding   

  12  0:01  Drone  
  13  0:13  Overlord  
  13  0:17  Drone  
  14  0:31  Drone x2  
  14  0:35  Drone  
  17  0:48  Drone  
  18  0:58  Hatchery  
  18  1:00  Drone  
  18  1:11  Drone  
  18  1:15  Extractor  
  18  1:21  Spawning Pool  
  18  1:23  Drone  
  18  1:31  Drone  
  19  1:42  Overlord  
  19  2:08  Zergling x4  
  21  2:17  Metabolic Boost  
  21  2:20  Queen  
  23  2:23  Queen  
  23  2:27  Zergling x6  
  23  2:28  Zergling x2  
  29  2:55  Zergling x6  
  29  2:56  Zergling x4  
  32  3:13  Zergling x6  
  32  3:18  Hatchery  
  32  3:19  Queen  
  35  3:20  Overlord  
  35  3:33  Overlord  
  35  3:42  Overlord x2  
  35  3:46  Zergling x2  
  36  4:00  Zergling x2  
  37  4:09  Lair  
  37  4:14  Zergling x4  
  39  4:27  Zergling x2  
  39  4:28  Zergling x4  
  42  4:39  Overlord  
  42  4:40  Zergling x2  
  43  4:50  Zergling x10  
  48  5:05  Zergling x4  
  48  5:06  Zergling x2  
  51  5:10  Infestation Pit  
  50  5:19  Zergling x4  
  50  5:20  Zergling x6  
  55  5:25  Zergling x2  
  55  5:27  Zergling x2  
  57  5:39  Drone x2  
  57  5:42  Drone x2  
  61  6:09  Hive  
  61  6:14  Baneling Nest  
  60  6:22  Zergling x2  
  60  6:23  Zergling x10  
  56  7:08  Zergling x6  
  56  7:09  Zergling x10  
  56  7:10  Zergling x8  
  66  7:21  Adrenal Glands  
  64  7:24  Zergling x6  
  67  7:37  Overlord  
  67  7:38  Overlord  
  67  7:57  Zergling x4  
  67  7:58  Zergling x6  
  72  8:00  Zergling x2  
  73  8:30  Zergling x4  
  73  8:33  Overlord x3  
  75  8:35  Overlord  
  75  9:09  Zergling x8  
  79  9:10  Zergling x12  
  79  9:11  Zergling x2  
  79  9:32  Zergling x12  
  85  9:40  Zergling x8  
  89  9:51  Zergling x8  
  93  9:56  Zergling x2  
  94  10:04  Zergling x2  
  95  10:12  Overlord  
  95  10:13  Overlord x2  
  38  10:55  Zergling x14  
  38  10:56  Zergling x10  
  40  11:23  Zergling x8  
Show
View Real Time Build Order
Export as new Build Order

Nitron Protoss 

Build Orders: Zealot Archon 

Get SALT Encoding   

  12  0:01  Probe  
  13  0:13  Probe  
  14  0:19  Pylon  
  14  0:25  Probe  
  15  0:38  Probe (Chrono Boost)  
  15  0:39  Gateway  
  16  0:45  Assimilator  
  17  0:50  Probe (Chrono Boost)  
  17  0:58  Probe (Chrono Boost)  
  18  1:04  Probe  
  19  1:16  Probe  
  20  1:28  Probe  
  20  1:29  Cybernetics Core  
  21  1:40  Probe  
  22  1:52  Probe  
  23  2:21  Twilight Council  
  23  2:55  Assimilator  
  23  3:03  Robotics Facility  
  23  3:08  Pylon x2  
  23  3:26  Probe, Warp Gate (Chrono Boost)  
  24  3:38  Probe  
  25  3:50  Probe, Warp Prism  
  25  3:54  Gateway  
  25  3:55  Gateway  
  28  3:58  Gateway  
  28  4:02  Probe  
  29  4:05  Nexus  
  30  4:17  Probe  
  30  4:25  Charge  
  30  4:28  Dark Shrine  
  30  4:29  Probe  
  31  4:34  Immortal (Chrono Boost)  
  35  4:49  Probe  
  35  4:51  Assimilator  
  36  4:53  Pylon  
  36  5:01  Probe  
  37  5:09  Zealot  
  39  5:17  Pylon  
  39  5:21  Probe, Shield Battery  
  40  5:23  Shield Battery  
  40  5:24  Probe  
  41  5:33  Probe  
  42  5:49  Dark Templar x2  
  45  5:50  Dark Templar  
  47  6:02  Dark Templar  
  43  6:39  Immortal  
  45  6:41  Zealot x3  
  49  7:06  Dark Templar x2  
  49  7:07  Dark Templar  
  53  7:13  Probe x2  
  53  7:15  Gateway  
  55  7:17  Gateway  
  55  7:18  Gateway  
  55  7:21  Gateway  
  55  7:22  Archon  
  55  7:23  Stalker  
  55  7:25  Probe x2  
  59  7:37  Probe x2  
  59  7:49  Probe  
  59  7:50  Probe, Stalker x2  
  59  7:51  Stalker x2  
  67  8:20  Dark Templar  
  67  8:22  Nexus  
  67  8:23  Pylon  
  73  8:42  Probe x2  
  73  8:44  Zealot  
  75  8:54  Probe x2  
  75  8:58  Observer (Chrono Boost)  
  75  9:02  Zealot x3  
  78  9:15  Pylon  
  78  9:20  Pylon  
  78  9:32  Warp Prism  
  78  9:33  Probe x2  
  78  9:36  Archon  
  82  9:44  Pylon x2, Stalker x6  
  82  9:45  Stalker x2  
  94  9:46  Probe x2  
  97  10:10  Observer  
  97  10:12  Stalker x2  
  97  10:13  Stalker x3  
  102  10:48  Stalker x3  
  102  10:49  Stalker x3  
  110  10:50  Stalker x2  
  110  11:11  Zealot x2  
  110  11:12  Zealot  
  112  11:31  Dark Templar x3  
  112  11:32  Dark Templar x2  
  116  11:45  Zealot  
  116  11:46  Zealot x2  
Show
View Real Time Build Order
Export as new Build Order

qqq Protoss 

Build Orders:  

Get SALT Encoding   

  12  0:00  Probe  
  13  0:18  Probe  
  13  0:19  Pylon  
  14  0:40  Probe  
  14  0:41  Forge  
  15  1:17  Pylon  
  15  1:27  Pylon  
  14  1:36  Probe  
  15  1:40  Pylon  
  15  1:48  Probe  
  15  2:00  Probe  
  16  2:12  Probe  
  17  2:18  Photon Cannon  
  17  2:19  Photon Cannon  
  17  2:20  Pylon  
  17  2:24  Probe  
  18  2:36  Probe  
  19  2:38  Pylon  
  19  2:55  Gateway  
  19  3:02  Probe  
  20  3:11  Nexus  
  20  3:12  Pylon  
  20  3:15  Photon Cannon  
  20  3:22  Assimilator  
  20  3:25  Probe, Assimilator  
  21  3:37  Probe  
  22  3:54  Cybernetics Core  
  22  4:02  Probe (Chrono Boost)  
  23  4:06  Zealot  
  25  4:12  Probe (Chrono Boost), Photon Cannon  
  26  4:17  Probe (Chrono Boost)  
  27  4:28  Probe  
  30  4:40  Probe, Stargate  
  30  4:41  Probe  
  30  4:45  Stalker (Chrono Boost)  
  32  4:53  Probe x2  
  34  5:04  Shield Battery  
  34  5:05  Probe x2  
  36  5:12  Stalker (Chrono Boost)  
  38  5:17  Probe x2, Void Ray (Chrono Boost)  
  44  5:29  Probe x2  
  44  5:35  Stalker  
  48  5:41  Probe  
  46  5:57  Void Ray (Chrono Boost)  
  46  6:02  Shield Battery  
  41  6:05  Adept  
  37  6:20  Photon Cannon  
  37  6:23  Probe, Robotics Facility  
  37  6:24  Probe  
  33  6:35  Probe  
  33  6:36  Probe  
  35  6:43  Photon Cannon  
  35  6:47  Photon Cannon  
  35  6:48  Probe  
  32  7:08  Probe  
  32  7:09  Probe  
  34  7:16  Void Ray  
  28  7:53  Void Ray  
  28  7:57  Probe x2  
  34  8:06  Assimilator  
  34  8:09  Probe x2, Assimilator  
  34  8:12  Observer  
  37  8:21  Probe x2  
  39  8:33  Probe x2  
  41  8:44  Observer  
  41  8:45  Probe  
  41  8:48  Protoss Air Weapons Level 1  
  43  9:15  Pylon  
  43  9:17  Pylon  
  43  9:20  Pylon  
  43  9:23  Pylon  
  43  9:27  Void Ray  
  43  9:32  Fleet Beacon  
  46  10:04  Void Ray  
  46  10:12  Stargate  
  50  10:24  Nexus  
  38  10:56  Photon Cannon  
  34  10:57  Photon Cannon  
  34  10:59  Pylon  
  34  11:02  Pylon  
Show
View Real Time Build Order
Export as new Build Order

Massa Terran 

Build Orders: Reaper Expand 

Get SALT Encoding   

  12  0:01  SCV  
  13  0:20  Supply Depot  
  13  0:22  SCV  
  14  0:34  SCV  
  15  0:43  Barracks  
  15  0:47  SCV  
  16  0:51  Refinery  
  16  0:59  SCV  
  17  1:11  SCV  
  18  1:23  SCV  
  19  1:39  Command Center  
  19  1:40  Orbital Command  
  19  1:49  Reaper  
  20  2:06  SCV  
  21  2:20  Supply Depot  
  21  2:26  Marine  
  21  2:29  SCV, Factory  
  23  2:42  SCV  
  24  3:05  Barracks Tech Lab  
  24  3:07  Orbital Command  
  24  3:10  SCV  
  24  3:12  Command Center  
  25  3:15  Engineering Bay  
  25  3:20  Starport  
  25  3:22  SCV  
  25  3:25  Factory Tech Lab  
  26  3:27  Barracks  
  25  3:50  Widow Mine  
  25  3:55  Stimpack  
  27  3:58  Refinery  
  27  4:03  Refinery, SCV x2  
  27  4:05  Refinery  
  29  4:11  Marine  
  29  4:12  Widow Mine  
  29  4:15  SCV x2  
  34  4:24  Orbital Command  
  34  4:27  SCV  
  34  4:28  SCV  
  34  4:29  Marine  
  37  4:33  Missile Turret  
  37  4:38  Missile Turret  
  37  4:40  SCV  
  37  4:43  Terran Infantry Weapons Level 1  
  37  4:45  Barracks Reactor  
  38  4:47  Marine  
  39  4:53  Siege Tank  
  39  4:55  SCV x2  
  39  4:56  SCV  
  45  5:04  Barracks  
  45  5:05  Marine  
  46  5:07  SCV  
  46  5:08  SCV  
  46  5:09  Barracks  
  48  5:21  Armory  
  48  5:22  SCV x3  
  48  5:23  Marauder  
  48  5:25  Siege Tank  
  48  5:26  Medivac  
  58  5:31  Marine x2  
  58  5:34  SCV  
  58  5:35  Combat Shield  
  61  5:44  Barracks  
  61  5:55  Supply Depot  
  61  5:56  Supply Depot x2  
  61  5:59  Supply Depot  
  61  6:01  Engineering Bay  
  61  6:06  Barracks Tech Lab  
  61  6:07  Marine  
  61  6:08  Marine  
  60  6:12  Marauder  
  59  6:20  Missile Turret  
  53  6:37  Terran Infantry Armor Level 1  
  44  6:51  SCV  
  44  6:52  SCV x2  
  47  7:03  SCV  
  47  7:04  SCV x2  
  47  7:05  Medivac  
  52  7:15  SCV  
  52  7:16  SCV x2, Missile Turret  
  52  7:21  Barracks Tech Lab  
  55  7:24  Barracks Reactor  
  55  7:27  SCV  
  56  7:37  Marine  
  56  7:38  Marine x2  
  59  7:48  SCV x3  
  62  8:04  Concussive Shells  
  62  8:07  Viking  
  62  8:09  Marauder, Marine  
  62  8:11  Marine  
  68  8:13  Marine  
  68  8:18  Widow Mine  
  71  8:20  Drilling Claws  
  71  8:26  Factory  
  71  8:29  Marauder  
  71  8:32  Marauder  
  71  8:33  Marine x2  
  77  8:37  Medivac  
  77  8:39  Terran Infantry Weapons Level 2  
  79  8:45  Terran Infantry Armor Level 2  
  79  9:01  Marauder  
  79  9:02  Marauder x2  
  85  9:12  Factory Tech Lab  
  85  9:15  Marine x4  
  89  9:23  Marauder  
  91  9:24  Medivac  
  91  9:27  Terran Vehicle Weapons Level 1  
  93  9:40  Supply Depot  
  93  9:43  Supply Depot  
  93  10:02  SCV x3, Marauder, Siege Tank  
  93  10:04  Marine  
  102  10:08  Marauder, Marine x3  
  102  10:09  Marauder  
  109  10:18  Starport Reactor  
  109  10:36  Marine x2  
  109  10:37  Siege Tank  
  109  10:39  Marauder x2, Siege Tank, Supply Depot  
  109  10:41  Supply Depot  
  88  10:43  Orbital Command  
  88  10:47  Marauder, Marine  
  61  10:51  Marine  
  61  10:54  Marine  
  61  10:55  Marine  
  59  11:11  Siege Tank  
  59  11:18  Marauder x2, Marine x4  
Tags
 
Add a new tag
Caveats
  • Supply blocks, unpowered buildings, or Contaminate may cause inaccurate times.
  • Supply counts are checked every 10 seconds.